 Dungeon Crawl Stone Soup version 0.30.1-11-g7821555f0a (webtiles) character file.

Game seed: 6835372540617318289

767 Tauromancer the Cleaver (level 7, 0/57 HPs)
             Began as a Minotaur Fighter on Dec 17, 2023.
             Slain by a gnoll bouda
             ... wielding a +0 club
              (9 damage)
             ... on level 5 of the Dungeon on Dec 18, 2023.
             The game lasted 00:23:28 (3288 turns).

Tauromancer the Cleaver (Minotaur Fighter)          Turns: 3288, Time: 00:23:31

Health: 0/57       AC:  6    Str: 28    XL:     7   Next: 52%
Magic:  6/6        EV:  9    Int:  5    God:
Gold:   340        SH:  4    Dex: 10    Spells: 6/6 levels left

rFire   . . .        a - +1 war axe
rCold   + . .        c - +0 buckler
rNeg    . . .        e - +0 scale mail
rPois   .            (helmet restricted)
rElec   .            (no cloak)
rCorr   .            (no gloves)
SInv    .            (no boots)
Will    .....        (no amulet) Stlth
                     i - ring of protection from cold
HPRegen 0.29/turn    n - +6 ring of strength
MPRegen 0.10/turn

%: no passive effects
@: hasted, very quick
A: horns 2, retaliatory headbutt
a: no special abilities


You were on level 5 of the Dungeon.
You visited 1 branch of the dungeon, and saw 5 of its levels.

You collected 340 gold pieces.

Inventory:

Hand Weapons
 a - a +1 war axe (weapon)
 b - a +3 whip
Missiles
 d - 2 boomerangs (quivered)
Armour
 c - a +0 buckler (worn)
 e - a +0 scale mail (worn)
Jewellery
 g - a +5 ring of evasion
 i - a ring of protection from cold (left hand)
 k - a ring of protection from fire
 n - a +6 ring of strength (right hand)
Wands
 m - a wand of light (8)
 v - a wand of mindburst (10)
Scrolls
 o - 3 scrolls of enchant armour
 p - a scroll of enchant weapon
Potions
 f - 4 potions of curing
 h - a potion of heal wounds {unknown}
 j - a potion of attraction {unknown}
 l - a potion of magic {unknown}
 r - a potion of lignification {unknown}
 t - 2 potions of mutation {unknown}
 u - a potion of flight {unknown}


   Skills:
 - Level 3.6 Fighting
 + Level 10.3 Axes
 - Level 3.6 Armour
 - Level 3.6 Shields


You had 6 spell levels left.
You didn't know any spells.
Your spell library was empty.

Dungeon Overview and Level Annotations

Branches:
Dungeon (5/15)
 Temple: D:4-7

Altars:
Gozag
Qazlal
Sif Muna
Yredelemnul


Innate Abilities, Weirdness & Mutations

You have a pair of horns on your head.
You reflexively headbutt those who attack you in melee.


Message History

Aiming: Mindburst
Press: ? - help, Shift-Dir - straight line, f - gnoll
Aim: a gnoll, wielding a +0 spear (covering ground quickly, chance to affect: 72%)
The gnoll's mind is blasted!
The gnoll hits you but does no damage.
Aiming: Mindburst
Press: ? - help, Shift-Dir - straight line, f/p - gnoll
Aim: a gnoll, wielding a +0 spear (almost dead, covering ground quickly, chance to affect: 72%)
The gnoll's mind is blasted!
You blow up the gnoll!
The gnoll bouda gazes fiercely through you!
You feel your attacks grow feeble.
The gnoll bouda hits you but does no damage.
The gnoll hits you from afar with a +0 halberd!
* * * LOW HITPOINT WARNING * * *
The gnoll bouda barks out a call to the hunt!
The gnoll picks up the pace!
You feel yourself speed up. You block the adder's attack.
The gnoll closely misses you.
You barely miss the adder. The adder barely misses you.
You slash the adder!
The adder is severely wounded.
Your attacks no longer feel as feeble.
The adder barely misses you.
You closely miss the adder.
The adder is severely wounded.
You block the adder's attack.
You miss the adder.
The adder is severely wounded.
You block the adder's attack.
You hit the adder.
The adder is almost dead.
You hit the adder.
You kill the adder!
You slash the gnoll bouda!
The gnoll bouda is severely wounded.
The gnoll is no longer moving quickly.
The gnoll hits you from afar with a +0 halberd!
* * * LOW HITPOINT WARNING * * *
The gnoll bouda hits you with a +0 club!
You die...

#.. . #...# #.......... .
#...#######........... .
#...#.....#.............>.
##.......>.#...............
..#.##.....#...............
#.#........#...............
#.#........#...............
####.#....##.@.(..............
#......#####g##...............
#.##.#######g##...............
#........gg#.......#......##
##########.##......#.....##.
.........##.....#....##..
........).##....#...##...
......)†...##...#..##....
###.........##..#.##.....


You could see a gnoll bouda and 3 gnolls.

Vanquished Creatures
  2 black bears (D:4)
  An ogre (D:5)
  2 scorpions (D:4)
  A howler monkey (D:5)
  A hound (D:5)
  An iguana (D:5)
  A sleepcap (D:5)
  12 adders
  6 gnolls
  2 ufetubi
  A worm (D:2)
  2 dart slugs
  6 orcs
  8 endoplasms
  3 giant cockroaches
  8 goblins
  5 hobgoblins
  3 jackals (D:4)
  3 quokkas
  5 ball pythons
  6 bats
  5 frilled lizards
  3 kobolds
  2 rats (D:1)
89 creatures vanquished.

Notes
Turn   | Place    | Note
-------+----------+-------------------------------------------
     0 | D:1      | Tauromancer the Minotaur Fighter began the quest for the
                  | Orb.
     0 | D:1      | Reached XP level 1. HP: 19/19 MP: 0/0
   134 | D:1      | Reached skill level 3 in Axes
   169 | D:1      | Reached XP level 2. HP: 26/26 MP: 1/1
   507 | D:1      | You fall into a shaft and drop 1 floor!
   544 | D:2      | Reached skill level 4 in Axes
   615 | D:2      | Reached XP level 3. HP: 24/31 MP: 2/2
   739 | D:2      | Reached skill level 5 in Axes
   814 | D:2      | Reached XP level 4. HP: 33/39 MP: 3/3
   863 | D:2      | Found a faded altar of an unknown god.
  1480 | D:3      | Reached skill level 6 in Axes
  1623 | D:3      | Found a shimmering blue altar of Sif Muna.
  1677 | D:3      | Found a basalt altar of Yredelemnul.
  1801 | D:3      | Reached XP level 5. HP: 42/45 MP: 4/4
  2067 | D:4      | Noticed a black bear
  2073 | D:4      | Killed a black bear
  2074 | D:4      | Reached skill level 7 in Axes
  2114 | D:4      | Reached XP level 6. HP: 17/51 MP: 5/5
  2248 | D:4      | Reached skill level 8 in Axes
  2581 | D:4      | Reached skill level 9 in Axes
  2581 | D:4      | Reached XP level 7. HP: 55/57 MP: 6/6
  2852 | D:5      | Entered Level 5 of the Dungeon
  2852 | D:5      | Found a stormy altar of Qazlal.
  3032 | D:5      | Found an opulent altar of Gozag.
  3054 | D:5      | Reached skill level 10 in Axes
  3288 | D:5      | Slain by a gnoll bouda

Illustrated notes

Levels and vault maps discovered:
D:1:      dpeg_arrival_castle, layout_loops_cross, st_stairs_3, chequers_garden
D:2:      layout_basic, basic_ecumenical_altar, st_stairs_6, minmay_mini_jars
D:3:      layout_rooms, nicolae_sif_muna_little_library,
          mainiacjoe_overflow_surrounded_room
D:4:      layout_basic
D:5:      layout_basic, nicolae_ashenzari_panopticon, grunt_gozag_breadcrumbs,
          grunt_qazlal_sundering, nrook_campfire, uniq_menkaure

Skill      XL: |  1  2  3  4  5  6  7 |
---------------+----------------------+-----
Axes           | 3 4 5 6 7 9 10 | 10.3
Fighting       | |  3.6
Armour         | |  3.6
Shields        | |  3.6

Action                     |  1- 3 |  4- 6 |  7- 9 || total
---------------------------+-------+-------+-------++-------
  Melee: Whip              |    77 |    18 |       ||    95
         Headbutt          |     8 |    13 |     4 ||    25
         War axe           |       |    72 |    32 ||   104
  Throw: Throwing net      |       |       |     1 ||     1
  Evoke: Wand              |       |       |     2 ||     2
    Use: Scroll            |       |    11 |     1 ||    12
         Potion            |       |     1 |     1 ||     2
 Armour: Scale mail        |    23 |    38 |     8 ||    69
  Dodge: Dodged            |    26 |    51 |    15 ||    92
  Block: Buckler           |    19 |    26 |     7 ||    52
